 Dungeon Crawl Stone Soup version 0.27.1-34-g3ba077fa99 (webtiles) character file.

Game seed: 2148622732050328025

29817 multipassport the Covert (level 13, -6/104 HPs)
             Began as a Demonspawn Brigand on Jan 15, 2022.
             Was the Champion of Okawaru.
             Mangled by a cane toad (17 damage)
             ... on level 5 of the Lair of Beasts.
             The game lasted 01:03:18 (15067 turns).

multipassport the Covert (Demonspawn Brigand)      Turns: 15067, Time: 01:03:19

Health: -6/104     AC: 17    Str: 12    XL:     13   Next: 17%
Magic:  17/17      EV: 17    Int: 18    God:    Okawaru [******]
Gold:   896        SH:  4    Dex: 23    Spells: 11/12 levels left

rFire    x . .     SeeInvis .   i - +8 dagger of Discomfort {flame, Dex+4}
rCold    + . .     Faith    .   (no shield)
rNeg     + . .     Spirit   .   v - +3 ring mail of the Ward {*Slow Will++ Int+5}
rPois    .         Reflect  .   a - +2 hat {Will+}
rElec    .         Harm     .   c - +0 cloak
rCorr    .         Rampage  .   w - +1 pair of gloves
Will     +++..                  (no boots)
Stlth    +++++.....             g - amulet of regeneration
HPRegen  1.27/turn              f - ring of positive energy
MPRegen  0.15/turn              x - ring of ice

@: lethally poisoned (-6 -> -6)
A: horns 1, demonic guardian 2, icemail 1, condensation shield
a: Renounce Religion, Heroism, Finesse


You were on level 5 of the Lair of Beasts.
You worshipped Okawaru.
Okawaru was exalted by your worship.
You visited 3 branches of the dungeon, and saw 16 of its levels.

You collected 896 gold pieces.

Inventory:

Hand Weapons
 i - the +8 dagger of Discomfort (weapon) {flame, Dex+4}
   (Okawaru gifted it to you on level 3 of the Lair of Beasts)

   It burns those it strikes, dealing additional fire damage.
   Dex:       It affects your dexterity (+4).
 E - the +8 whip "Snakebite" {venom, curare, rPois}
   (You found it on level 9 of the Dungeon)

   It poisons the flesh of those it strikes.
   It occasionally inflicts asphyxiating poison on those it strikes, dealing
   poison damage and causing slowness.
   rPois:     It protects you from poison.
 N - the +7 quarterstaff of Truth {freeze, Drain rC- Dex+9 Stlth+}
   (You found it on level 4 of the Lair of Beasts)

   It freezes those it strikes, dealing additional cold damage.
   It can also slow down cold-blooded creatures.
   Dex:       It affects your dexterity (+9).
   rC:        It makes you vulnerable to cold.
   Drain:     It drains your maximum health when unequipped.
   Stlth:     It makes you more stealthy.
Missiles
 d - 79 poisoned darts (quivered)
 e - 3 curare-tipped darts
 u - 6 boomerangs
 F - 3 javelins
Armour
 a - a +2 hat of willpower (worn)
 c - a +0 cloak (worn)
 v - the +3 ring mail of the Ward (worn) {*Slow Will++ Int+5}
   (You found it on level 4 of the Dungeon)

   Int:       It affects your intelligence (+5).
   *Slow:     It may slow you when you take damage.
   Will:      It greatly increases your willpower.
 w - a +1 pair of gloves (worn)
Jewellery
 f - a ring of positive energy (left hand)
 g - an amulet of regeneration (around neck)
 x - a ring of ice (right hand)
 G - a ring of ice
 I - a ring of wizardry
 K - an amulet of the acrobat
 P - a ring of wizardry
Wands
 b - a wand of iceblast (18)
 A - a wand of polymorph (14)
 M - a wand of acid (8)
Scrolls
 k - 6 scrolls of teleportation
 n - a scroll of fog
 o - 10 scrolls of identify
 r - 4 scrolls of enchant weapon
 t - a scroll of blinking {unknown}
 y - a scroll of immolation
 B - a scroll of vulnerability {unknown}
 H - a scroll of magic mapping {unknown}
 J - a scroll of fear
Potions
 h - 2 potions of haste
 j - a potion of brilliance
 l - 4 potions of curing
 m - 3 potions of flight
 p - a potion of mutation
 q - 4 potions of berserk rage
 C - 2 potions of cancellation {unknown}
 D - 4 potions of ambrosia
 L - 2 potions of heal wounds
Miscellaneous
 s - a lightning rod (4/4)
 z - a phantom mirror
 O - a tin of tremorstones (2/2)


   Skills:
 + Level 10.7 Fighting
 + Level 8.3 Short Blades
 - Level 7.3 Maces & Flails
 - Level 2.1 Throwing
 + Level 9.7 Dodging
 + Level 13.8 Stealth
 + Level 3.7 Hexes
 - Level 6.6 Invocations


You had 11 spell levels left.
You knew the following spells:

 Your Spells              Type           Power      Damage    Failure   Level
a - Corona                Hex            14%        N/A       11%         1

Your spell library contained the following spells:

 Spells                   Type           Power      Damage    Failure   Level
 Slow                     Hex            13%        N/A       16%         2
 Confusing Touch          Hex            13%        N/A       32%         3
 Animate Skeleton         Necr           0%         N/A       45%         1
 Apportation              Tloc           0%         N/A       45%         1
 Freeze                   Ice            0%         1d3       45%         1
 Summon Small Mammal      Summ           0%         N/A       45%         1
 Frozen Ramparts          Ice            0%         1d2       83%         3
 Stone Arrow              Conj/Erth      0%         3d7       83%         3
 Vampiric Draining        Necr           0%         2d6       83%         3
 Animate Armour           Summ/Erth      0%         N/A       99%         4
 Hailstorm                Conj/Ice       0%         3d3       99%         4
 Passage of Golubria      Tloc           N/A        N/A       99%         4
 Summon Ice Beast         Ice/Summ       0%         N/A       99%         4
 Silence                  Hex/Air        3%         N/A       100%        5
 Summon Mana Viper        Hex/Summ       6%         N/A       100%        5
 Monstrous Menagerie      Summ           0%         N/A       100%        7
 Lehudib's Crystal Spear  Conj/Erth      0%         10d2      100%        8


Dungeon Overview and Level Annotations

Branches:
Dungeon (9/15)             Temple (0/1) D:6            Lair (6/6) D:9
  Swamp (0/4) Lair:2       Spider (1/4) Lair:2
  Slime: Lair:5-6       Orc: D:9-12

Altars:
Dithmenos
Elyvilon
Fedhas
Gozag
Makhleb
Okawaru
Ru
Sif Muna
Wu Jian

Shops:
D:7 :!*

Annotations:
Spider:1 Kirke


Innate Abilities, Weirdness & Mutations

You have a pair of small horns on your head.
A demonic guardian rushes to your aid.
A meltable icy envelope protects you from harm. (AC +4)
A meltable shield of frost defends you. (SH +4)


Message History

The komodo dragon bites you!
You hit the cane toad but do no damage.
You headbutt the cane toad, but do no damage.
The cane toad is lightly wounded.
You feel very sick. The cane toad barely misses you.
You hit the cane toad but do no damage. You headbutt the cane toad.
The cane toad is moderately wounded.
You feel sick. The komodo dragon bites you! The cane toad stings you!
You are more poisoned.
The cane toad poisons you!
You are too injured to fight recklessly!
You are too injured to fight recklessly!
You feel very sick. The komodo dragon closely misses you.
The cane toad stings you but does no damage.
You climb upwards.
You feel very sick.
There is a stone staircase leading down, spattered with blood here.
You feel very sick.
You feel very sick.
You feel sick.
You feel sick. The cane toad stings you!
* * * LOW HITPOINT WARNING * * *
You are more poisoned.
The cane toad poisons you!
You feel extremely sick.
You fail to use your ability.
You feel very sick. The cane toad barely misses you.
The komodo dragon barely misses you.
You feel very sick. The cane toad completely misses you.
You feel very sick.
You feel very sick. You block the cane toad's attack.
You feel sick.
You feel sick.
You feel sick.
You feel sick. The cane toad stings you!
You die...

#...##.# #....... ......##
##...... ....#..### #######
#....... .........## #..#..##
##...... ..........# ##..<..##
##...... P..##.....#
#.......###....... P.........#
#..........#.....# ..........##
##...........#.#...
...........####.@................
..............lF.................
...............#P..##..#..#P.P#..
...............####..............
...#P...........# #..............
................# #........P.....
......P........## #..............
......#........## #..............
#..............P# #...........#..


You could see a komodo dragon and a cane toad.

Vanquished Creatures
  Gastronok (Lair:3)
  Fannar (Lair:1)
  A catoblepas (Lair:4)
  5 hydras
  A boulder beetle (Lair:5)
  4 death yaks
  A two-headed ogre (D:9)
  3 bog bodies (Lair:2)
  A black mamba (Lair:5)
  The ghost of groll the Chopper, a novice MiBe of Trog (D:6)
  7 komodo dragons
  7 cane toads
  2 rime drakes
  2 jumping spiders (Lair:2)
  A troll (D:9)
  2 polar bears
  5 redbacks
  A hog (Lair:2)
  2 tarantellas (Spider:1)
  A wyvern (Lair:5)
  Eustachio (D:4)
  A basilisk (Lair:3)
  21 yaks
  A steam dragon (D:9)
  2 swamp worms (Lair:2)
  13 water moccasins
  2 black bears
  A sky beast (D:8)
  An orc warrior (D:9)
  3 necrophages
  8 wolves
  2 phantoms (D:5)
  2 kobold brigands (D:9)
  13 bullfrogs
  A scorpion (Lair:1)
  A water moccasin zombie (D:6)
  8 killer bees (D:8)
  2 wights (D:7)
  An electric eel (Lair:2)
  A howler monkey (D:6)
  2 jellies
  2 hounds
  A centaur skeleton (D:7)
  A gnoll shaman (D:8)
  An iguana (D:6)
  4 orc wizards
  2 howler monkey zombies
  5 adders
  12 gnolls
  2 shadow imps
  3 white imps
  3 worms
  22 orcs
  4 bats
  4 endoplasms
  4 giant cockroaches
  9 goblins
  3 hobgoblins
  3 jackals (D:1)
  3 quokkas
  5 ball pythons
  A frilled lizard (D:3)
  9 kobolds
  4 rats
243 creatures vanquished.

Vanquished Creatures (collateral kills)
  A catoblepas (Lair:4)
  An orb spider (Spider:1)
  A hornet (D:9)
  A polar bear (Lair:5)
  A redback (Spider:1)
  Sigmund (D:4)
  2 wyverns
  8 yaks
  An orc warrior (D:7)
  A sky beast (D:7)
  A black bear (D:9)
  A necrophage (D:6)
  3 wolves (Lair:1)
  A kobold brigand (D:3)
  A wyvern skeleton (D:7)
  A killer bee (D:8)
  A wight (D:7)
  2 jellies
  A gnoll shaman (D:4)
  2 gnolls (D:4)
  2 orcs (D:7)
  An endoplasm (D:2)
  A goblin (D:1)
  A hobgoblin (D:1)
  3 kobolds (D:9)
40 creatures vanquished.

Vanquished Creatures (others)
  17 fungi
  12 plants
29 creatures vanquished.

Grand Total: 312 creatures vanquished

Notes
Turn   | Place    | Note
-------+----------+-------------------------------------------
     0 | D:1      | multipassport the Demonspawn Brigand began the quest for
                  | the Orb.
     0 | D:1      | Reached XP level 1. HP: 16/16 MP: 1/1
    28 | D:1      | Reached skill level 1 in Dodging
   339 | D:1      | Gained mutation: A weak demonic guardian rushes to your
                  | aid. [demonic ancestry]
   339 | D:1      | Reached XP level 2. HP: 21/22 MP: 2/2
  1367 | D:2      | Gained mutation: You have a pair of small horns on your
                  | head. [demonic ancestry]
  1367 | D:2      | Reached XP level 3. HP: 25/28 MP: 3/3
  1375 | D:2      | Reached skill level 4 in Stealth
  2351 | D:3      | Found a faded altar of an unknown god.
  2805 | D:3      | Reached XP level 4. HP: 5/34 MP: 4/4
  3322 | D:4      | Found an opulent altar of Gozag.
  3324 | D:4      | Identified the +3 ring mail of the Ward {*Slow Will++
                  | Int+5}
  3399 | D:4      | Noticed Eustachio
  3402 | D:4      | Found an ornate altar of the Wu Jian Council.
  3674 | D:3      | Became a worshipper of Warmaster Okawaru
  3674 | D:3      | Reached * piety under Okawaru
  3713 | D:4      | Noticed a kobold brigand
  3742 | D:3      | Killed a kobold brigand
  3743 | D:3      | Reached skill level 1 in Invocations
  3743 | D:3      | Reached XP level 5. HP: 8/41 MP: 5/5
  4336 | D:4      | Killed Eustachio
  4336 | D:4      | Reached ** piety under Okawaru
  4337 | D:4      | Gained mutation: A demonic guardian rushes to your aid.
                  | [demonic ancestry]
  4337 | D:4      | Reached XP level 6. HP: 34/47 MP: 7/7
  4611 | D:4      | Noticed Sigmund
  4662 | D:4      | Killed Sigmund
  4947 | D:5      | Entered Level 5 of the Dungeon
  5063 | D:5      | Reached skill level 5 in Stealth
  5063 | D:5      | Reached XP level 7. HP: 53/53 MP: 9/9
  5219 | D:5      | Reached *** piety under Okawaru
  5300 | D:5      | Found a shadowy altar of Dithmenos.
  5956 | D:6      | Found a staircase to the Ecumenical Temple.
  5975 | D:6      | Found a burning altar of Makhleb.
  5975 | D:6      | Found a shimmering blue altar of Sif Muna.
  6392 | D:6      | Reached XP level 8. HP: 61/61 MP: 11/11
  6495 | D:6      | Found a blossoming altar of Fedhas.
  6522 | D:6      | Found a runed translucent door.
  6522 | D:6      | Noticed groll's ghost (novice MiBe)
  6554 | D:6      | Reached skill level 5 in Invocations
  6781 | D:6      | Killed groll's ghost
  6781 | D:6      | Reached **** piety under Okawaru
  6782 | D:6      | Reached skill level 5 in Fighting
  6782 | D:6      | Reached skill level 6 in Stealth
  7210 | D:7      | Identified a scroll of acquirement
  7210 | D:7      | Acquired a manual of Stealth
  7864 | D:7      | Found Taegg's Distillery.
  7896 | D:7      | Reached skill level 5 in Short Blades
  8036 | D:7      | Found Egiad's Book Emporium.
  8070 | D:7      | Reached XP level 9. HP: 36/68 MP: 11/13
  8202 | D:7      | Found Lopaurphi's Assorted Antiques.
  8443 | D:7      | Reached skill level 7 in Stealth
  8688 | D:8      | Reached skill level 5 in Dodging
  9389 | D:9      | Noticed a troll
  9396 | D:9      | Killed a troll
  9453 | D:9      | Reached skill level 8 in Stealth
  9532 | D:9      | Found a staircase to the Lair.
  9557 | D:9      | Received a gift from Okawaru
  9557 | D:9      | Reached ***** piety under Okawaru
  9652 | D:9      | Paralysed by a hornet for 1 turns
  9861 | D:9      | Found a sacrificial altar of Ru.
  9878 | D:9      | Reached XP level 10. HP: 77/77 MP: 14/14
  9918 | D:9      | Reached skill level 9 in Stealth
 10130 | D:9      | Found the +8 whip "Snakebite" {venom, curare, rPois}
 10218 | D:9      | Noticed a two-headed ogre
 10230 | D:9      | Killed a two-headed ogre
 10231 | D:9      | Reached skill level 1 in Maces & Flails
 10375 | Lair:1   | Entered Level 1 of the Lair of Beasts
 10459 | Lair:1   | Received a gift from Okawaru
 10475 | Lair:1   | Reached skill level 10 in Stealth
 10530 | Lair:1   | Noticed Fannar
 10569 | Lair:1   | Killed Fannar
 10583 | Lair:1   | Reached ****** piety under Okawaru
 10600 | Lair:1   | Received a gift from Okawaru
 10606 | Lair:1   | Reached XP level 11. HP: 74/86 MP: 15/15
 10742 | Lair:1   | Reached skill level 5 in Maces & Flails
 11094 | Lair:1   | Reached skill level 11 in Stealth
 11277 | Lair:2   | Found a hole to the Spider Nest.
 11647 | Lair:2   | Noticed a bog body
 11648 | Lair:2   | Noticed a bog body
 11656 | Lair:2   | Killed a bog body
 11672 | Lair:2   | Killed a bog body
 11740 | Lair:2   | Found a staircase to the Swamp.
 11740 | Lair:2   | Noticed a bog body
 11777 | Lair:2   | Killed a bog body
 11991 | Spider:1 | Entered Level 1 of the Spider Nest
 11991 | Spider:1 | Noticed an orb spider
 11996 | Spider:1 | Noticed an orb spider
 12019 | Spider:1 | Killed an orb spider
 12020 | Spider:1 | Noticed Kirke
 12033 | Lair:2   | Reached skill level 12 in Stealth
 12188 | Lair:3   | Identified the +8 dagger of Discomfort {flame, Dex+4}
                  | (Okawaru gifted it to you on level 3 of the Lair of Beasts)
 12188 | Lair:3   | Received a gift from Okawaru
 12318 | Lair:3   | Noticed a four-headed hydra
 12325 | Lair:3   | Noticed Gastronok
 12330 | Lair:3   | Killed a four-headed hydra
 12331 | Lair:3   | Gained mutation: A meltable shield of frost defends you.
                  | (SH +4) [demonic ancestry]
 12331 | Lair:3   | Reached XP level 12. HP: 45/96 MP: 16/16
 12406 | Lair:3   | Killed Gastronok
 12492 | Lair:3   | Noticed a death yak
 12492 | Lair:3   | Noticed a death yak
 12493 | Lair:3   | Noticed a death yak
 12494 | Lair:3   | Noticed a death yak
 12539 | Lair:3   | Killed a death yak
 12634 | Lair:2   | Killed a death yak
 12708 | Lair:3   | Killed a death yak
 12708 | Lair:3   | Received a gift from Okawaru
 12712 | Lair:3   | Killed a death yak
 12713 | Lair:3   | Reached skill level 10 in Fighting
 12713 | Lair:3   | Reached skill level 13 in Stealth
 12715 | Lair:3   | Learned a level 1 spell: Corona
 13208 | Lair:4   | Reached skill level 1 in Hexes
 13380 | Lair:4   | Identified the +7 quarterstaff of Truth {freeze, Drain rC-
                  | Dex+9 Stlth+}
 13393 | Lair:4   | Noticed a catoblepas
 13421 | Lair:4   | Killed a catoblepas
 13639 | Lair:4   | Noticed a five-headed hydra
 13644 | Lair:4   | Killed a five-headed hydra
 13772 | Lair:4   | Noticed a four-headed hydra
 13775 | Lair:4   | Noticed a catoblepas
 13781 | Lair:4   | Killed a four-headed hydra
 13805 | Lair:4   | Killed a catoblepas
 14257 | Lair:5   | Noticed a boulder beetle
 14265 | Lair:5   | Killed a boulder beetle
 14655 | Lair:5   | Received a gift from Okawaru
 14706 | Lair:5   | Noticed a six-headed hydra
 14714 | Lair:5   | Killed a six-headed hydra
 14715 | Lair:5   | Gained mutation: A meltable icy envelope protects you from
                  | harm. (AC +4) [demonic ancestry]
 14715 | Lair:5   | Reached XP level 13. HP: 104/104 MP: 17/17
 14831 | Lair:6   | Entered Level 6 of the Lair of Beasts
 15067 | Lair:5   | Mangled by a cane toad

Illustrated notes

Levels and vault maps discovered:
D:1:      dpeg_arrival_rooms_a, layout_basic
D:2:      layout_basic, supply_closet_lemuel
D:3:      layout_loops_corners, hellmonk_ecumenical_altar_zigzags
D:4:      layout_cave_pools, lemuel_doored_altar, lemuel_tele_altar,
          uniq_sigmund, uniq_eustachio
D:5:      layout_basic, mainiacjoe_overflow_concentric_impassable
D:6:      layout_gridville, marbit_many_paths,
          gammafunk_temple_overflow_elements, minmay_temple_entry_statues,
          gammafunk_ghost_grave
D:7:      layout_basic, serial_shops, nicolae_diamond_shop, shop,
          kennysheep_little_box, minmay_misc_feat_plants
D:8:      layout_loops_ring, mainiacjoe_overflow_alcove_4, kennysheep_nub
D:9:      layout_long_grid, nicolae_ru_awakened_eye,
          grunt_lair_entry_orc_guard_hut
Lair:1:   layout_misc_corridors, minivault_26, grunt_forest_stairs_basic,
          uniq_fannar
Lair:2:   layout_cave_shapes, nicolae_swamp_entry_splash_gauntlet,
          spider_nest_entry_funnel_web
Lair:3:   layout_chaotic_city, st_stairs_8, beast_lair_carwin_5,
          lemuel_fruit_tree, grunt_megastairs_1, serial_bayou_shore_a,
          lemuel_fruit_fields, uniq_gastronok
Lair:4:   layout_cave_shapes
Lair:5:   layout_gridlike
Lair:6:   minmay_lair_end_enchanted_forest, layout_regular_city,
          dpeg_slime_entry_enclosed_altar, pond
Spider:1: layout_spider_delve, hive_lemuel, hangedman_spider_tarantella_strand,
          uniq_kirke

Skill      XL: |  1  2  3  4  5  6  7  8  9 10 11 12 |
---------------+-------------------------------------+-----
Dodging        | 1 2 3 4 6 7 8 9 |  9.7
Short Blades   | 2 3 4 5 6 8 |  8.3
Stealth        | 4 5 6 8 10 12 13 | 13.8
Throwing       | 2 |  2.1
Fighting       | 3 4 5 6 8 9 10 | 10.7
Invocations    | 1 2 3 4 6 |  6.6
Maces & Flails | 4 7 |  7.3
Hexes          | 3 |  3.7

Action                   |  1- 3 |  4- 6 |  7- 9 | 10-12 | 13-15 || total
-------------------------+-------+-------+-------+-------+-------++-------
Melee: Dagger            |   107 |   103 |   678 |   291 |    63 ||  1242
       Headbutt          |     4 |    19 |   127 |   144 |    24 ||   318
       Whip              |       |       |       |   272 |       ||   272
       Punch             |       |       |       |     6 |       ||     6
Throw: Dart              |    13 |    16 |     2 |     3 |       ||    34
Invok: Heroism           |       |     1 |     8 |    14 |     1 ||    24
       Finesse           |       |       |       |     1 |     1 ||     2
Evoke: Wand              |       |     3 |       |       |       ||     3
       Lightning rod     |       |       |       |     3 |       ||     3
  Use: Scroll            |       |       |    13 |       |       ||    13
       Potion            |       |       |     9 |     2 |       ||    11
 Stab: Sleeping          |    10 |     2 |    13 |    25 |     1 ||    51
       Distracted        |       |     1 |     1 |     5 |     1 ||     8
       Petrifying        |       |       |       |     1 |       ||     1
Armor: Robe              |    23 |       |       |       |       ||    23
       Ring mail         |       |    52 |   244 |   145 |    39 ||   480
Dodge: Dodged            |    62 |    64 |   342 |   281 |    73 ||   822
Block: Other             |       |       |       |    24 |    19 ||    43
